 Dungeon Crawl Stone Soup version 0.32-a0-928-g1cae6b7ea0 (webtiles) character file.

Game seed: 2275335510981415045

91 ezpacito the Trooper (level 4, -2/35 HPs)
             Began as a Coglin Chaos Knight on Apr 13, 2024.
             Was a Plaything of Xom.
             Slain by an acid dragon (7 damage)
             ... on level 3 of the Dungeon.
             The game lasted 00:02:55 (2243 turns).

ezpacito the Trooper (Coglin Chaos Knight)          Turns: 2243, Time: 00:02:56

Health: -2/35      AC:  9    Str: 13    XL:     4   Next: 59%
Magic:  5/5        EV: 10    Int: 15    God:    Xom [*.....]
Gold:   170        SH:  0    Dex: 13    Spells: 4/4 levels left

rFire   . . .        a - +1 hand axe (chaos) {Yuxuan}
rCold   . . .        g - +0 spear {Kendra}
rNeg    . . .        b - +2 leather armour
rPois   .            m - +0 hat
rElec   .            (no cloak)
rCorr   .            (no gloves)
SInv    .            (no boots)
Will    .....        (amulet unavailable)
Stlth   +            (ring unavailable)
HPRegen 0.25/turn    (ring unavailable)
MPRegen 0.09/turn    (no gizmo)

%: no passive effects
@: about to teleport, revved
A: off-hand wielding, slow wielding, warmup strikes, no jewellery, iridescent
scales 2, clever 1, high MP 1
a: Invent Gizmo, Renounce Religion


You were on level 3 of the Dungeon.
You worshipped Xom.
You were a special plaything of Xom.
You visited 1 branch of the dungeon, and saw 3 of its levels.

You collected 170 gold pieces.

Inventory:

Hand Weapons
 a - a +1 hand axe of chaos (weapon) {Yuxuan}
 g - a +0 spear (offhand) {Kendra}
Missiles
 e - 5 boomerangs (quivered)
Armour
 b - a +2 leather armour (worn)
 m - a +0 hat (worn)
Scrolls
 f - a scroll of fog
Potions
 c - a potion of cancellation {unknown}
 i - a potion of curing {unknown}
 j - a potion of lignification {unknown}
 l - a potion of haste {unknown}


   Skills:
 * Level 3.3 Fighting
 * Level 3.3(3.5) Axes
 * Level 1.3(2.3) Polearms
 * Level 2.2 Armour
 * Level 1.8 Dodging
 + Level 1.0 Stealth
 + Level 0.6 Spellcasting


You had 4 spell levels left.
You didn't know any spells.
Your spell library was empty.

Dungeon Overview and Level Annotations

Branches:
Dungeon (3/15)

Altars:


Innate Abilities, Weirdness & Mutations

You can wield a second weapon in your off-hand.
It takes a long time for you to wield or remove held weapons.
Your first few attacks do less damage.
You cannot equip rings or amulets.
You are mostly covered in iridescent scales. (AC +4)
Your mind is acute. (Int +4, Str/Dex -1)
You have an increased reservoir of magic. (+10% MP)


Message History

You miss the adder with your +0 spear.
The adder is heavily wounded.
You miss the adder with your +1 hand axe of chaos. "Hum-dee-hum-dee-hum..."
The adder evaporates and reforms as an acid dragon!
You are now a special plaything of Xom.
You barely miss the acid dragon with your +0 spear.
The acid dragon is heavily wounded.
You hit the acid dragon with your +1 hand axe of chaos.
You burn the acid dragon. The acid dragon bites you.
The acid dragon claws you but does no damage.
You take 2 damage, and have 33/35 hp.
You closely miss the acid dragon with your +1 hand axe of chaos.
The acid dragon is heavily wounded.
You hit the acid dragon but do no damage.
The acid dragon bites you.
The acid dragon claws you but does no damage.
You take 5 damage, and have 28/35 hp.
You closely miss the acid dragon with your +0 spear.
The acid dragon is heavily wounded.
You hit the acid dragon but do no damage.
The acid dragon closely misses you. The acid dragon claws you.
The acid dragon spits acid at you. The splash of acid hits you!!
Ouch! That really hurt!
* * * LOW HITPOINT WARNING * * *
You are too injured to fight recklessly!
You take 24 damage, and have 4/35 hp.
MASSIVE DAMAGE!!
You are too injured to fight recklessly!
An acid dragon is nearby!
An acid dragon is nearby!
You are too injured to fight recklessly!
Okay, then.
As you read the scroll of teleportation, it crumbles to dust.
You feel strangely unstable. The acid dragon barely misses you.
The acid dragon claws you but does no damage.
The acid dragon attacks as it pursues you!
The acid dragon bites you!
You die...
Xom bursts into laughter!

.... .# ....####.#
.........#########
......... #......#
......... #......#
........###$..<..#
.................#
.......D@....#.#.....
......†......#.#.####
........######.# #
.....#### #.# .....
#.# ###. #.# #


You could see an acid dragon (catching breath).

Vanquished Creatures
  3 gnolls (D:2)
  An adder (D:2)
  A dart slug (D:2)
  2 ribbon worms (D:2)
  A giant cockroach (D:1)
  7 hobgoblins
  9 kobolds
  2 quokkas (D:2)
  5 ball pythons
  3 bats
  2 frilled lizards (D:2)
  6 goblins
  6 rats
48 creatures vanquished.

Notes
Turn   | Place    | Note
-------+----------+-------------------------------------------
     0 | D:1      | ezpacito the Coglin Chaos Knight began the quest for the
                  | Orb.
     0 | D:1      | Reached XP level 1. HP: 18/18 MP: 1/1
     9 | D:1      | Reached skill level 1 in Dodging
   101 | D:1      | Reached XP level 2. HP: 21/24 MP: 2/2
   755 | D:1      | Reached XP level 3. HP: 29/29 MP: 3/3
   871 | D:1      | HP: 1/29 [gnoll/+0 spear (2)]
  1061 | D:2      | Found a faded altar of an unknown god.
  1146 | D:2      | XOM: enchant monster (good)
  1153 | D:2      | Reached skill level 1 in Polearms
  1235 | D:2      | XOM: cloud trail
  1274 | D:2      | XOM: god gift: 51 gold pieces
  1369 | D:2      | XOM: give mutations
  1369 | D:2      | Gained mutation: Your mind is acute. (Int +4, Str/Dex -1)
                  | [Xom's grace]
  1369 | D:2      | Gained mutation: You are partially covered in iridescent
                  | scales. (AC +2) [Xom's grace]
  1369 | D:2      | Gained mutation: You have an increased reservoir of magic.
                  | (+10% MP) [Xom's grace]
  1369 | D:2      | Gained mutation: You are mostly covered in iridescent
                  | scales. (AC +4) [Xom's grace]
  1392 | D:2      | Reached XP level 4. HP: 35/35 MP: 5/5
  1396 | D:2      | Reached skill level 1 in Stealth
  1442 | D:2      | XOM: polymorph giant cockroach -> gnoll
  1623 | D:2      | XOM: god gift: 39 gold pieces
  2238 | D:3      | XOM is BORED!
  2238 | D:3      | an adder changed into an acid dragon
  2238 | D:3      | Noticed an acid dragon
  2238 | D:3      | XOM: polymorph adder -> acid dragon
  2243 | D:3      | Slain by an acid dragon

Illustrated notes

Levels and vault maps discovered:
D:1:      dpeg_arrival_morbid_curiosity, layout_basic, dreamdust_princess_bridge
D:2:      layout_basic, shapermc_ecumenical_altar_flowoftime
D:3:      kennysheep_goblin_castle, layout_basic, grunt_qazlal_sundering,
          kennysheep_doodads, uniq_ijyb

Skill      XL: |  1  2  3  4 |
---------------+-------------+-----
Dodging        | 1 |  1.8
Armour         | 2 |  2.2
Polearms       | 1 |  1.3
Stealth        | 1 |  1.0
Fighting       | |  3.3
Axes           | |  3.3
Spellcasting   | |  0.6

Action                     |  1- 3 |  4- 6 || total
---------------------------+-------+-------++-------
  Melee: Dagger            |    41 |       ||    41
         Hand axe          |    75 |    27 ||   102
         Spear             |    44 |    34 ||    78
    Use: Scroll            |     3 |     5 ||     8
   Stab: Petrified         |     4 |       ||     4
         Petrifying        |     2 |       ||     2
         Confused          |     1 |       ||     1
         Sleeping          |       |     1 ||     1
 Armour: Leather armour    |    58 |    26 ||    84
  Dodge: Dodged            |    47 |    14 ||    61

Table legend: (Time is in decaauts)
 A = Elapsed time spent in this place.
 B = Non-inter-level travel time spent in this place.
 C = Inter-level travel time spent in this place.
 D = Time resting spent in this place.
 E = Time spent auto-exploring this place.
 F = Levels seen in this place.
 G = Mean time per level.
                   A        B        C        D        E       F      G
               +--------+--------+--------+--------+--------+-----+--------+
         Total |   2253 |   2176 |     77 |    205 |   1432 |   3 |  751.0 |
       Dungeon |   2253 |   2176 |     77 |    205 |   1432 |   3 |  751.0 |
               +--------+--------+--------+--------+--------+-----+--------+

Top non-repeatable levels by time:
     D:1: 1308 daAuts
     D:2: 924 daAuts
     D:3: 20 daAuts
